 Dungeon Crawl Stone Soup version 0.32-a0-876-gcfddb08e57 (webtiles) character file.

Game seed: 11725997331578224374

4269 bmack86 the Severer (level 10, 0/84 HPs)
             Began as a Minotaur Fighter on Apr 1, 2024.
             Was an Initiate of Gozag.
             Slain by Erica
             ... wielding a +1 scimitar of flaming
              (2 damage)
             ... on level 8 of the Dungeon.
             The game lasted 00:15:24 (7144 turns).

bmack86 the Severer (Minotaur Fighter)              Turns: 7144, Time: 00:15:24

Health: 0/84       AC: 16    Str: 25    XL:     10   Next: 10%
Magic:  0/3        EV: -4    Int:  5    God:    Gozag
Gold:   393        SH:  4    Dex: 10    Spells: 9/9 levels left

rFire   . . .        B - +6 war axe "Beetlebane" {antimagic, Will+}
rCold   . . .        c - +0 buckler
rNeg    . . .        C - +0 plate armour
rPois   .            (helmet restricted)
rElec   .            p - +0 cloak
rCorr   .            e - +0 pair of gloves
SInv    .            z - +1 pair of boots
Will    ++...        v - amulet of guardian spirit Stlth
                     k - ring of flight
HPRegen 0.34/turn    h - ring of willpower
MPRegen 0.08/turn

%: guardian spirit
@: lethally poisoned (0 -> -2), gold aura, flying, constricted
A: horns 2, retaliatory headbutt, mutation resistance 1, robust 1
a: Renounce Religion, Potion Petition, Call Merchant, Bribe Branch


You were on level 8 of the Dungeon.
You worshipped Gozag.
Gozag was aware of your devotion.
You visited 2 branches of the dungeon, and saw 9 of its levels.
You also visited: Ossuary.

You collected 612 gold pieces.
You spent 85 gold pieces at shops.
You paid 134 gold pieces to Gozag.

Inventory:

Hand Weapons
 a - a +0 spectral war axe
 m - a +1 war axe of flaming
 B - the +6 war axe "Beetlebane" (weapon) {antimagic, Will+}
   (You found it on level 8 of the Dungeon)

   Will+:     It increases your willpower.
Missiles
 r - 5 javelins
 y - a curare-tipped dart
Armour
 b - a +0 scale mail
 c - a +0 buckler (worn)
 e - a +0 pair of gloves (worn)
 p - a +0 cloak (worn)
 z - a +1 pair of boots (worn)
 C - a +0 plate armour (worn)
Jewellery
 h - a ring of willpower (right hand)
 k - a ring of flight (left hand)
 n - a ring of protection from cold
 v - an amulet of guardian spirit (around neck)
Wands
 o - a wand of charming (8) (quivered)
Scrolls
 i - 5 scrolls of teleportation
 l - a scroll of fear
 t - 3 scrolls of amnesia
 u - a scroll of noise
 x - a scroll of identify
 A - a scroll of poison
Potions
 d - 3 potions of might
 f - 3 potions of magic
 g - 4 potions of lignification
 j - 3 potions of curing
 q - a potion of mutation
 s - 2 potions of heal wounds
 w - 3 potions of attraction


   Skills:
 - Level 3.6 Fighting
 + Level 16.8 Axes
 - Level 3.6 Armour
 - Level 5.0 Shields


You had 9 spell levels left.
You didn't know any spells.
Your spell library contained the following spells:

 Spells                   Type           Power      Damage    Failure   Level
 Scorch                   Fire           0%         2d5       100%        2
 Sublimation of Blood     Necr           0%         N/A       100%        2
 Dazzling Flash           Conj/Hex       0%         N/A       100%        3
 Mephitic Cloud           Conj/Alch/Air  0%         N/A       100%        3
 Sigil of Binding         Hex            0%         N/A       100%        3
 Flame Wave               Conj/Fire      0%         2d4       100%        4
 Petrify                  Alch/Erth      0%         N/A       100%        4
 Curse of Agony           Necr           0%         N/A       100%        5
 Irradiate                Conj/Alch      0%         3d11      100%        5
 Silence                  Hex/Air        0%         N/A       100%        5
 Death Channel            Necr           0%         N/A       100%        6
 Sculpt Simulacrum        Ice/Alch       0%         N/A       100%        6
 Summon Cactus Giant      Summ           0%         N/A       100%        6


Dungeon Overview and Level Annotations

Branches:
Dungeon (8/15)             Temple (1/1) D:7         Ossuary (visited)
   Lair: D:8-11

Altars:
Ashenzari
Cheibriados
Dithmenos
Elyvilon
Fedhas
Gozag
Hepliaklqana
Kikubaaqudgha
Makhleb
Nemelex Xobeh
Okawaru
Qazlal
Ru
Sif Muna
Trog
Uskayaw
Vehumet
Wu Jian
Xom
Yredelemnul
Zin
The Shining One

Shops:
D:1 *   D:2 [

Annotations:
D:7 Maurice
D:8 Erica


Innate Abilities, Weirdness & Mutations

You have a pair of horns on your head.
You reflexively headbutt those who attack you in melee.
You are somewhat resistant to further mutation.
You are robust. (+10% HP)


Message History

You feel sick.
The orc wizard's magic is no longer disrupted.
The orc wizard gestures at you while chanting.
The puff of flame hits you but does no damage.
Something hits you! Something burns you.
You are constricted.
Unknown command.
You slice something!! You hit the orc wizard.
You feel sick.
Unknown command.
You closely miss something. Your headbutt misses something.
You hit the orc wizard.
The orc wizard's magic leaks into the air.
You feel sick.
The orc is no longer distracted by gold.
Something hits you. Something burns you.
You are constricted.
The orc wizard hits you but does no damage.
You closely miss something. Your headbutt misses something.
You slash the orc wizard!
You kill the orc wizard!
You feel sick.
You are constricted.
You closely miss something.
You hear a shout!
Your headbutt misses something.
You feel sick. Something hits you. Something burns you.
You are constricted.
* * * LOW HITPOINT WARNING * * *
Unknown command.
You miss something.
You feel sick.
The orc is no longer distracted by gold.
Unknown command.
You completely miss something. Something hits you!
* * * LOW HITPOINT WARNING * * *
Something burns you.
* * * LOW HITPOINT WARNING * * *
You are constricted.
* * * LOW HITPOINT WARNING * * *
Unknown command.
You slash something!
You feel sick. Something hits you!
* * * LOW HITPOINT WARNING * * *
Something burns you.
You die...
Your body crumbles into a pile of gold.

####..# #.##...# #.##
......# #.# #.# #...
.####.# #.# #.# #### .#
#.# #.# #.# # .# .# #.#
#.# # .# .# #.# #.#
##### .# .#
#.####.######.... .# .#
###.####$$...........###
.# .#
...ooo$@...(..#######...
.# .....########## #.##
.# ... #.# .# . #.# .#
#.# .# #.# .# #.# .# #.#
.#


You could see 3 orcs.

Vanquished Creatures
  Amaemon (D:8)
  Pikel (D:7)
  An orange demon (D:8)
  Prince Ribbit (D:5)
  A steam dragon (D:5)
  3 water moccasins
  A sky beast (D:7)
  A black bear (D:5)
  2 ogres
  A centaur (D:7)
  A phantom (D:5)
  A lemure (D:7)
  2 kobold brigands
  A weeping skull (Ossuary)
  3 scorpions
  5 water moccasin zombies (Ossuary)
  A howler monkey (D:5)
  Crazy Yiuf (D:5)
  2 bombardier beetles
  2 sleepcaps
  4 orc priests
  2 gnoll boudas
  5 hounds
  2 spectral scorpions (Ossuary)
  Jessica (D:2)
  2 iguanas
  2 orc wizards
  A bullfrog simulacrum (Ossuary)
  2 mummies (Ossuary)
  16 gnolls
  7 adders
  2 shadow imps (D:7)
  4 ufetubi
  3 adder zombies (Ossuary)
  3 ribbon worms
  2 dart slugs
  12 orcs
  2 ball pythons (D:2)
  6 bats
  8 endoplasms
  2 giant cockroaches
  7 gnoll zombies (Ossuary)
  6 goblins
  7 hobgoblins
  5 jackals
  17 kobolds
  A quokka (D:3)
  7 frilled lizards
  2 jackal zombies (Ossuary)
  7 orc zombies (Ossuary)
  7 rats
186 creatures vanquished.

Vanquished Creatures (collateral kills)
  A phantom (D:6)
1 creature vanquished.

Vanquished Creatures (others)
  An orc (D:8)
1 creature vanquished.

Grand Total: 188 creatures vanquished

Notes
Turn   | Place    | Note
-------+----------+-------------------------------------------
     0 | D:1      | bmack86 the Minotaur Fighter began the quest for the Orb.
     0 | D:1      | Reached XP level 1. HP: 19/19 MP: 0/0
   231 | D:1      | Found Etetz's General Store.
   244 | D:1      | Reached XP level 2. HP: 24/26 MP: 1/1
   452 | D:1      | Reached skill level 3 in Axes
  1049 | D:1      | Reached XP level 3. HP: 31/31 MP: 2/2
  1501 | D:2      | Reached skill level 5 in Shields
  1655 | D:2      | Noticed Jessica
  1656 | D:2      | Killed Jessica
  1657 | D:2      | Reached skill level 4 in Axes
  1657 | D:2      | Reached XP level 4. HP: 39/39 MP: 3/3
  1898 | D:2      | Found Haorokk's Antique Armour Shop.
  1905 | D:2      | Bought a cloak for 85 gold pieces
  2031 | D:3      | Found a shimmering altar of Xom.
  2363 | D:3      | Reached skill level 5 in Axes
  2366 | D:3      | Reached XP level 5. HP: 20/45 MP: 4/4
  2583 | D:3      | Reached skill level 6 in Axes
  2947 | D:4      | Reached skill level 7 in Axes
  2947 | D:4      | Reached XP level 6. HP: 46/51 MP: 5/5
  3541 | D:5      | Entered Level 5 of the Dungeon
  3545 | D:5      | Noticed a water moccasin
  3553 | D:5      | Reached skill level 8 in Axes
  3554 | D:5      | Reached XP level 7. HP: 44/57 MP: 6/6
  3559 | D:5      | Noticed a steam dragon
  3560 | D:5      | Reached skill level 9 in Axes
  3565 | D:5      | Killed a steam dragon
  3707 | D:5      | Reached skill level 10 in Axes
  3764 | D:5      | Reached XP level 8. HP: 7/64 MP: 7/7
  3785 | D:5      | Noticed Prince Ribbit
  3786 | D:5      | Gained mutation: You are somewhat resistant to further
                  | mutation. [potion of mutation]
  3786 | D:5      | Gained mutation: You are robust. (+10% HP) [potion of
                  | mutation]
  3789 | D:5      | Killed Prince Ribbit
  3790 | D:5      | Reached skill level 11 in Axes
  3866 | D:5      | Found a sand-covered staircase.
  3871 | Ossuary  | Entered an ossuary
  4100 | Ossuary  | Reached skill level 12 in Axes
  4302 | D:5      | Reached skill level 13 in Axes
  4433 | D:5      | Found a stormy altar of Qazlal.
  4456 | D:5      | Found a blossoming altar of Fedhas.
  4655 | D:5      | Found a runed translucent door.
  4656 | D:5      | Noticed Crazy Yiuf
  4662 | D:5      | Killed Crazy Yiuf
  4835 | D:6      | HP: 1/70 [ogre/+0 giant spiked club (25)]
  5150 | D:6      | Reached XP level 9. HP: 60/77 MP: 8/8
  5302 | D:6      | Reached skill level 14 in Axes
  5848 | D:6      | Found a snail-covered altar of Cheibriados.
  5967 | D:7      | Noticed Pikel
  5980 | D:7      | Killed Pikel
  6049 | D:7      | Noticed Maurice
  6061 | D:7      | Reached skill level 15 in Axes
  6120 | D:7      | Found a staircase to the Ecumenical Temple.
  6130 | Temple   | Entered the Ecumenical Temple
  6137 | Temple   | Became a worshipper of Gozag Ym Sagoz the Greedy
  6908 | D:8      | Reached skill level 16 in Axes
  6908 | D:8      | Identified the +6 war axe "Beetlebane" {antimagic, Will+}
  7054 | D:8      | Noticed Amaemon
  7057 | D:8      | Noticed an orange demon
  7060 | D:8      | Killed Amaemon
  7061 | D:8      | Reached XP level 10. HP: 80/84 MP: 3/9
  7064 | D:8      | Killed an orange demon
  7127 | D:8      | Noticed Erica
  7144 | D:8      | HP: 2/84 [something (9)]
  7144 | D:8      | Slain by Erica

Illustrated notes

Levels and vault maps discovered:
D:1:      dpeg_arrival_morbid_curiosity, layout_basic, serial_shops,
          nicolae_shop_statue_plus, st_stairs_4, chequers_decorated_corner
D:2:      layout_loops_ring, serial_shops, nicolae_shop_pleasant_corner_grove,
          minivault_4, uniq_jessica
D:3:      layout_basic, mainiacjoe_overflow_concentric_impassable,
          solitary_fountain, minmay_misc_feat_room
D:4:      layout_cave_pools
D:5:      layout_basic, grunt_temple_overflow_forces_of_nature, enter_ossuary_2,
          uniq_crazy_yiuf_cottage, uniq_prince_ribbit1
D:6:      layout_cave_pods, chei_slow_surprise
D:7:      layout_loops_ring, minmay_temple_entry_tees, uniq_maurice, uniq_pikel
D:8:      layout_loops_ring, uniq_amaemon, uniq_jeremiah, uniq_grum, uniq_erica
Temple:   nicolae_temple_bog_church

Skill      XL: |  1  2  3  4  5  6  7  8  9 |
---------------+----------------------------+-----
Shields        | 4 5 |  5.0
Axes           | 3 4 5 7 8 10 13 16 | 16.8
Fighting       | |  3.6
Armour         | |  3.6

Action                     |  1- 3 |  4- 6 |  7- 9 | 10-12 || total
---------------------------+-------+-------+-------+-------++-------
  Melee: War axe           |    85 |   101 |   232 |    18 ||   436
         Headbutt          |     8 |    19 |    44 |     3 ||    74
  Evoke: Wand              |       |       |     2 |       ||     2
    Use: Scroll            |       |     7 |    10 |       ||    17
         Potion            |       |       |     3 |       ||     3
 Armour: Scale mail        |    80 |   107 |   156 |       ||   343
         Plate armour      |       |       |     1 |    19 ||    20
  Dodge: Dodged            |    42 |    69 |    91 |     1 ||   203
  Block: Buckler           |    16 |    30 |    50 |     2 ||    98

Table legend: (Time is in decaauts)
 A = Elapsed time spent in this place.
 B = Non-inter-level travel time spent in this place.
 C = Inter-level travel time spent in this place.
 D = Time resting spent in this place.
 E = Time spent auto-exploring this place.
 F = Levels seen in this place.
 G = Mean time per level.
                   A        B        C        D        E       F      G
               +--------+--------+--------+--------+--------+-----+--------+
         Total |   7167 |   6909 |    258 |    485 |   4507 |  10 |  716.7 |
       Dungeon |   6766 |   6520 |    246 |    289 |   4507 |   8 |  845.8 |
        Temple |     14 |      2 |     12 |      0 |      0 |   1 |   14.0 |
       Ossuary |    385 |    385 |      0 |    196 |      0 |   1 |  385.0 |
               +--------+--------+--------+--------+--------+-----+--------+

Top non-repeatable levels by time:
     D:1: 1268 daAuts
     D:6: 1132 daAuts
     D:3: 943 daAuts
     D:7: 905 daAuts
     D:5: 882 daAuts
     D:2: 732 daAuts
     D:4: 649 daAuts
 Ossuary: 385 daAuts
     D:8: 253 daAuts
  Temple: 14 daAuts
